 Dungeon Crawl Stone Soup version 0.31-a0-795-g5eb97db20b (webtiles) character file.

Game seed: 14190956132822984280

58 javelincjr the Magician (level 3, 0/24 HPs)
             Began as a Demonspawn Hedge Wizard on Sept 18, 2023.
             Slain by an orc priest
             ... wielding a +0 short sword
              (5 damage)
             ... on level 2 of the Dungeon.
             The game lasted 00:03:58 (1658 turns).

javelincjr the Magician (Demonspawn Hedge Wizard)   Turns: 1658, Time: 00:03:58

Health: 0/24       AC:  3    Str: 10    XL:     3   Next: 75%
Magic:  0/7        EV: 12    Int: 17    God:
Gold:   47         SH:  0    Dex: 12    Spells: 7/8 levels left

rFire   . . .        f - +1 dagger (flame)
rCold   . . .        (no shield)
rNeg    . . .        b - +0 robe
rPois   .            c - +0 hat
rElec   .            (no cloak)
rCorr   .            e - +0 pair of gloves
SInv    .            (no boots)
Will    .....        (no amulet)
Stlth   ++           (no ring)
HPRegen 1.24/turn    (no ring)
MPRegen 0.10/turn

%: no passive effects
@: very slightly contaminated
A: powered by death 1, spiny 1
a: no special abilities


You were on level 2 of the Dungeon.
You visited 1 branch of the dungeon, and saw 2 of its levels.

You collected 47 gold pieces.

Inventory:

Hand Weapons
 a - a +0 dagger
 f - a +1 dagger of flaming (weapon)
Armour
 b - a +0 robe (worn)
 c - a +0 hat (worn)
 e - a +0 pair of gloves (worn)
Jewellery
 i - a ring of see invisible
Scrolls
 h - a scroll of silence {unknown}
Potions
 d - a potion of magic
 g - 2 potions of enlightenment {unknown}


   Skills:
 + Level 2.1 Dodging
 + Level 2.2 Stealth
 + Level 3.2 Spellcasting
 + Level 1.5 Conjurations
 + Level 1.8 Summonings
 + Level 1.6 Translocations


You had 7 spell levels left.
You knew the following spells:

 Your Spells              Type           Power      Damage    Failure   Level
a - Magic Dart            Conj           32%        1d4       9%          1

Your spell library contained the following spells:

 Spells                   Type           Power      Damage    Failure   Level
 Call Imp                 Summ           18%        N/A       12%         2
 Blink                    Tloc           16%        N/A       13%         2
 Slow                     Hex            8%         N/A       17%         1
 Cigotuvi's Dreadful Rot  Necr/Pois/Air  4%         N/A       26%         2
 Mephitic Cloud           Conj/Pois/Air  4%         N/A       38%         3


Dungeon Overview and Level Annotations

Branches:
Dungeon (2/15)

Altars:


Innate Abilities, Weirdness & Mutations

You regenerate a little health from kills.
You are partially covered in sharp spines.


Message History

Aiming: Magic Dart (safe; 9% risk of failure)
Press: ? - help, Shift-Dir - straight line, f - orc priest
Aim: an orc priest, wielding a +0 short sword (100% to hit)
You miscast Magic Dart.
You are very lightly contaminated with residual magic.
Nothing appears to happen.
The orc priest mumbles some strange prayers to Beogh against you.
Pain shoots through your body!
Casting: Magic Dart (safe; 9% risk of failure)
Confirm with . or Enter, or press ? or * to list all spells.
You don't have enough magic to cast this spell.
You hit the orc priest. You burn the orc priest.
The orc priest is lightly wounded.
The orc priest hits you with a +0 short sword.
You hit the orc priest. You burn the orc priest.
The orc priest is heavily wounded.
The orc priest calls down the wrath of Beogh upon you.
Pain shoots through your body!
Ouch! That really hurt!
* * * LOW HITPOINT WARNING * * *
You are too injured to fight recklessly!
You hit the orc priest but do no damage.
The orc priest is heavily wounded.
The orc priest is struck by your spines.
The orc priest hits you with a +0 short sword.
* * * LOW HITPOINT WARNING * * *
You hit the orc priest. You burn the orc priest.
The orc priest is severely wounded.
The orc priest mumbles some strange prayers to Beogh against you.
Pain shoots through your body!
* * * LOW HITPOINT WARNING * * *
Casting: Magic Dart (safe; 9% risk of failure)
Confirm with . or Enter, or press ? or * to list all spells.
Aiming: Magic Dart (safe; 9% risk of failure)
Press: ? - help, Shift-Dir - straight line, f/p - orc priest
Aim: an orc priest, wielding a +0 short sword (severely wounded, 100% to hit)
The magic dart hits the orc priest but does no damage.
The orc priest is severely wounded.
The orc priest hits you with a +0 short sword.
You die...

##.. ## ##... #. #.o.. #.
##.#.. . #. #o...# ..
######. #.#.## ...##.....
##### #.#...
.!.......####...# ##.....
....#...†@o).†..####......
.......<.####.............
.....########.............
.... #................ ..
#.##...#.##...... #
#.....##......
#...####...... ......#
#...### .##...# #...#


You could see an orc priest.

Vanquished Creatures
  An adder (D:2)
  2 dart slugs (D:1)
  4 orcs (D:2)
  3 endoplasms (D:1)
  A giant cockroach (D:1)
  4 goblins (D:1)
  4 hobgoblins
  2 jackals (D:1)
  2 quokkas (D:1)
  6 bats
  A frilled lizard (D:1)
  4 kobolds
  4 rats
38 creatures vanquished.

Notes
Turn   | Place    | Note
-------+----------+-------------------------------------------
     0 | D:1      | javelincjr the Demonspawn Hedge Wizard began the quest for
                  | the Orb.
     0 | D:1      | Reached XP level 1. HP: 13/13 MP: 4/4
   112 | D:1      | Reached skill level 1 in Translocations
   252 | D:1      | Gained mutation: You are partially covered in sharp spines.
                  | [demonic ancestry]
   252 | D:1      | Reached XP level 2. HP: 13/19 MP: 0/6
   849 | D:1      | Gained mutation: You regenerate a little health from kills.
                  | [demonic ancestry]
   849 | D:1      | Reached XP level 3. HP: 24/24 MP: 7/7
  1658 | D:2      | Slain by an orc priest

Illustrated notes

Levels and vault maps discovered:
D:1:      dpeg_arrival_arbitrary_a, layout_basic, st_stairs_1,
          minmay_misc_feat_doors
D:2:      layout_rooms

Skill      XL: |  1  2 |
---------------+-------+-----
Translocations | 1 |  1.6
Stealth        | 2 |  2.2
Dodging        | 2 |  2.1
Spellcasting   | |  3.2
Conjurations   | |  1.5
Summonings     | |  1.8

Action                     || total
---------------------------++-------
  Melee: Dagger            ||    37
         Punch             ||     1
   Cast: Magic Dart        ||    65
 Armour: Robe              ||    19
  Dodge: Dodged            ||    16

Table legend: (Time is in decaauts)
 A = Elapsed time spent in this place.
 B = Non-inter-level travel time spent in this place.
 C = Inter-level travel time spent in this place.
 D = Time resting spent in this place.
 E = Time spent auto-exploring this place.
 F = Levels seen in this place.
 G = Mean time per level.
                   A        B        C        D        E       F      G
               +--------+--------+--------+--------+--------+-----+--------+
         Total |   1657 |   1602 |     55 |      0 |   1394 |   2 |  828.5 |
       Dungeon |   1657 |   1602 |     55 |      0 |   1394 |   2 |  828.5 |
               +--------+--------+--------+--------+--------+-----+--------+

Top non-repeatable levels by time:
     D:1: 1481 daAuts
     D:2: 175 daAuts
